Cogmind - Beta 14 @@@ ROGUE MODE // 2025.01.14 @ 15:17:46 Player: Doobadoop Result: Destroyed by C-40 Crusher with Compactor Performance ------------- Evolutions (3) 1500 Regions Visited (6) 1200 Robots Destroyed (50) 250 Value Destroyed (870) 870 Prototype IDs (0) 0 Alien Tech Used (0) 0 Bonus (0) 0 TOTAL SCORE: 3820 Bonus ------- None Cogmind --------- Core Integrity 0/700 Matter 300/300 Energy 100/100 System Corruption 16% Temperature Cool (0) Movement Core (50) Location -7/Waste Parts ------- > --- POWER (2) -------- (None) > --- PROPULSION (3) --- (None) > --- UTILITY (5) ------ (None) > --- WEAPON (3) ------- (None) > --- INVENTORY (5) ---- Light Deuterium Engine Armored Treads Carbon-fiber Leg Improved Heat Sink Medium Storage Unit Peak State ------------ > --- POWER ------------ Light Deuterium Engine Light Nuclear Core > --- PROPULSION ------- Light Treads Improved Treads Armored Treads > --- UTILITY ---------- Large Storage Unit Medium Matter Pod Terrain Scanner Improved Terrain Scanner > --- WEAPON ----------- Rocket Launcher Heavy Hammer > --- INVENTORY -------- Light Treads Medium Storage Unit Large Storage Unit Dynamic Insulation System Advanced Assault Cannon Advanced Assault Cannon Advanced Assault Cannon Advanced Assault Cannon Missile Launcher Missile Launcher Missile Launcher [Rating: 25] Favorites ----------- Power Light Nuclear Core Engine Light Ion Engine Power Core Light Nuclear Core Propulsion Light Treads Treads Light Treads Utility Medium Matter Pod Device Terrain Scanner Storage Medium Matter Pod Weapon Grenade Launcher Energy Gun EM Pulse Gun Energy Cannon Heavy Particle Cannon Ballistic Gun Assault Rifle Ballistic Cannon Advanced Assault Cannon Launcher Grenade Launcher Impact Weapon Heavy Hammer Build | -11 -10 -9 -9 -8 -7 -7 ------- Run | Yrd Mat Mat Min Mat Fac Was Slots Evolved 6 | . . 2 . 2 2 . Power 1 | . . . . 1 . . Propulsion 1 | . . . . 1 . . Utility 3 | . . 2 . . 1 . Weapon 1 | . . . . . 1 . Parts Attached 39 | 7 6 6 3 9 1 7 Power 7 | 1 2 . 1 3 . . Engine 5 | 1 1 . 1 2 . . Core 2 | . 1 . . 1 . . Reactor . | . . . . . . . Propulsion 7 | 2 . 1 . 2 1 1 Treads 7 | 2 . 1 . 2 1 1 Leg . | . . . . . . . Wheel . | . . . . . . . Hover . | . . . . . . . Flight . | . . . . . . . Utility 11 | 2 2 3 . 1 . 3 Device 4 | . 1 1 . 1 . 1 Storage 7 | 2 1 2 . . . 2 Processor . | . . . . . . . Hackware . | . . . . . . . Protection . | . . . . . . . Artifact . | . . . . . . . Weapon 14 | 2 2 2 2 3 . 3 Energy Gun 1 | 1 . . . . . . Energy Cannon 1 | . . . . 1 . . Ballistic Gun 1 | 1 . . . . . . Ballistic Cannon 2 | . . . . . . 2 Launcher 7 | . 2 2 1 1 . 1 Special Weapon . | . . . . . . . Impact Weapon 2 | . . . 1 1 . . Slashing Weapon . | . . . . . . . Piercing Weapon . | . . . . . . . Special Melee Weapon . | . . . . . . . Unidentified Prototypes . | . . . . . . . Parts Lost 12 | . . 3 . 1 . 8 Power 2 | . . 1 . . . 1 Propulsion 1 | . . . . . . 1 Utility 4 | . . . . 1 . 3 Weapon 5 | . . 2 . . . 3 Highest Loss Streak 8 | . . 1 . 1 . 8 To Critical Strikes . | . . . . . . . Average Slot Usage (%) 89 | . 99 91 97 93 76 32 Engine 7 | . 12 . 11 10 7 3 Core 6 | . 1 11 . 7 7 2 Treads 23 | . 28 22 22 27 23 8 Device 12 | . 1 22 22 12 7 3 Storage 20 | . 26 22 22 18 15 7 Energy Gun 2 | . 8 . . . . . Launcher 12 | . 18 14 11 8 7 3 Impact Weapon 3 | . . . 9 8 7 3 Peak Build Rating 25 | 7 10 12 13 25 25 25 Average Rating 12 | 5 7 10 12 22 25 10 On Entrance 12 | . 7 9 9 13 25 25 Naked Turns 99 | . . . . . . 99 Heaviest Build 43 | 14 23 32 36 43 41 41 Greatest Support 63 | 40 40 43 43 63 63 63 Greatest Overweight (x) 1 | . . . . . . 1 Average Overweight (x) . | . . . . . . . Largest Inventory Capacity 15 | 8 10 15 15 15 15 15 Average Capacity 11 | 7 8 10 15 15 15 9 Most Carried 15 | 6 10 11 10 15 13 13 Average Carried 8 | 3 7 6 10 12 13 8 Final Capacity 15 | 8 10 15 15 15 15 5 Final Carried 13 | 5 9 11 10 13 13 5 Class Distribution -------------------- 95% | Mutant 4% | Scavenger-Mutant Dominant Class ---------------- Mutant | -10/Materials Mutant | -9/Materials Mutant | -9/Mines Mutant | -8/Materials Mutant | -7/Factory Mutant | -7/Waste Resources | -11 -10 -9 -9 -8 -7 -7 ----------- Run | Yrd Mat Mat Min Mat Fac Was Matter Collected 1141 | 321 213 173 . 168 . 266 Remotely 218 | . . 173 . 45 . . Salvage Created 1181 | 81 467 211 . 178 . 244 Parts 85 | 4 51 18 . 11 . 1 Haulers Intercepted 4 | . 2 . . 2 . . Recyclers Shooed 2 | . 2 . . . . . Parts Field Recycled . | . . . . . . . Retrieved Matter . | . . . . . . . Parts Self-Destructed . | . . . . . . . Prevented . | . . . . . . . Kills | -11 -10 -9 -9 -8 -7 -7 ------- Run | Yrd Mat Mat Min Mat Fac Was Combat Hostiles Destroyed 27 | . 15 5 . 6 . 1 Guns 2 | . 2 . . . . . Cannons 1 | . . . . 1 . . AOE 24 | . 13 5 . 5 . 1 Classes Destroyed 11 | 2 6 1 . 1 . 1 Worker 2 | 1 . 1 . . . . Builder 10 | . 6 1 . 3 . . Tunneler 1 | . 1 . . . . . Hauler 4 | . 2 . . 2 . . Recycler 4 | 1 1 2 . . . . Watcher 2 | . 1 1 . . . . Swarmer 12 | . 6 3 . 3 . . Grunt 9 | . 9 . . . . . Sentry 4 | . . 2 . 2 . . Hunter 1 | . . . . 1 . . Compactor 1 | . . . . . . 1 Best Kill Streak 7 | 1 7 4 . 3 . 1 Combat Bots Only 7 | . 7 3 . 3 . 1 Max Kills in Single Turn 3 | 1 3 2 . 3 . 1 Gunslinging . | . . . . . . . Exploded 3 | . 3 2 . 3 . 1 Melee . | . . . . . . . Uniques/NPCs Destroyed . | . . . . . . . Combat | -11 -10 -9 -9 -8 -7 -7 -------- Run | Yrd Mat Mat Min Mat Fac Was Hostile Shots Fired 100 | . 31 38 . 16 . 15 Missed 35 | . 17 12 . 6 . . Damage Taken 1675 | . 227 342 . 192 . 914 Core 779 | . . 66 . . . 713 Absorbed by Shields . | . . . . . . . Core Remaining (%) 95 | 100 100 . 83 100 . . Volleys Fired 71 | 6 31 12 . 12 . 10 Largest 2 | 2 2 1 . 1 . 1 Hottest 75 | 60 70 30 . 75 . 48 Shots Fired 87 | 12 41 12 . 12 . 10 Gun 26 | 12 14 . . . . . Cannon 2 | . . . . 1 . 1 Launcher 59 | . 27 12 . 11 . 9 Special . | . . . . . . . Kinetic 7 | 6 . . . . . 1 Thermal 1 | . . . . 1 . . Explosive 59 | . 27 12 . 11 . 9 Electromagnetic 20 | 6 14 . . . . . Robot Hit Streak 7 | 3 4 6 . 7 . 4 Robot Miss Streak 3 | 3 2 1 . 1 . 1 Penetration Max . | . . . . . . . Secondary Targets . | . . . . . . . Shots Hit Robots 59 | 6 23 7 . 15 . 8 Core Hits 82 | 3 47 16 . 11 . 5 Critical Kills . | . . . . . . . Critical Parts Destroyed 1 | . . . . 1 . . Critical Strikes 1 | . . . . 1 . . Smash 1 | . . . . 1 . . Melee Attacks 7 | . . . . 6 . 1 Impact 7 | . . . . 6 . 1 Slashing . | . . . . . . . Piercing . | . . . . . . . Sneak Attacks 4 | . . . . 4 . . Combat Hostiles . | . . . . . . . Follow-up Attacks . | . . . . . . . Damage Inflicted 3821 | 92 1603 365 . 962 . 799 Guns 208 | 92 116 . . . . . Cannons 48 | . . . . 25 . 23 Explosions 3126 | . 1477 338 . 577 . 734 Melee 360 | . . . . 360 . . Ramming 79 | . 10 27 . . . 42 Kinetic 87 | 64 . . . . . 23 Thermal 25 | . . . . 25 . . Explosive 3126 | . 1477 338 . 577 . 734 Electromagnetic 144 | 28 116 . . . . . Impact 360 | . . . . 360 . . Slashing . | . . . . . . . Piercing . | . . . . . . . Highest Corruption 16 | . . . . . . 16 Average Corruption 9 | . . . . . . 9 Corruption Purged . | . . . . . . . Corruption Blocked . | . . . . . . . Effects 9 | . . . . . . 9 Message Errors 3 | . . . . . . 3 Energy Discharges 2 | . . . . . . 2 Data Loss (minor) 1 | . . . . . . 1 Alerts 1 | . . . . . . 1 Misdirections 2 | . . . . . . 2 Overload Shots . | . . . . . . . Overflow Damage 364 | . 46 22 . 248 . 48 Projectiles . | . . . . . . . Explosions 143 | . 46 22 . 27 . 48 Melee 221 | . . . . 221 . . Knockbacks 1 | . . . . 1 . . Impact 1 | . . . . 1 . . Kinetic . | . . . . . . . Secondary . | . . . . . . . Self-Inflicted Damage 367 | . 61 46 . 46 . 214 Shots 11 | . 2 2 . 1 . 6 Rammed 17 | . 2 4 . . . 11 Targets Rammed 18 | . 2 5 . . . 11 Kicked . | . . . . . . . Crushed 1 | . . 1 . . . . Highest Temperature 39 | . 39 3 . 36 . . Average Temperature 12 | . 13 3 . 13 . . Received Heat Transfer 225 | . 90 63 . 63 . 9 Siege Activations . | . . . . . . . Robots Corrupted 3 | . . . . 3 . . Combat Hostiles . | . . . . . . . Parts Fried 7 | . . . . 7 . . Impact Corruptions 9 | . . . . 9 . . Robots Melted . | . . . . . . . Combat Hostiles . | . . . . . . . Parts Melted . | . . . . . . . Heat Transferred 37 | . . . . 37 . . Parts Sabotaged . | . . . . . . . Parts Stolen . | . . . . . . . Parts Stripped . | . . . . . . . Power Chain Reactions . | . . . . . . . Alert | -11 -10 -9 -9 -8 -7 -7 ------- Run | Yrd Mat Mat Min Mat Fac Was Peak Influence 425 | 10 425 384 30 299 60 21 Initial 179 | . 6 179 30 11 60 21 Average 125 | 3 122 195 30 137 60 5 Maximum Alert Level 2 | . 2 1 . 1 . . Low Security (%) 78 | 100 77 69 100 71 100 100 Level 1 19 | . 13 30 . 28 . . Level 2 2 | . 8 . . . . . Level 3 . | . . . . . . . Level 4 . | . . . . . . . Level 5 . | . . . . . . . High Security . | . . . . . . . Max Security . | . . . . . . . Squads Dispatched 2 | . 1 1 . . . . Investigation 1 | . 1 . . . . . Extermination . | . . . . . . . Reinforcement 1 | . . 1 . . . . Assault . | . . . . . . . Garrison . | . . . . . . . Intercept . | . . . . . . . Searches Triggered . | . . . . . . . Construction Impeded . | . . . . . . . Haulers Reinforced . | . . . . . . . Active Scanning Responses . | . . . . . . . Cargo Convoy Interrupts . | . . . . . . . Stealth | -11 -10 -9 -9 -8 -7 -7 --------- Run | Yrd Mat Mat Min Mat Fac Was Distress Signals . | . . . . . . . Communications Jammed . | . . . . . . . Distress Signals . | . . . . . . . Times Spotted 35 | . 15 9 . 7 . 4 Peak Tracking Total 5 | . 3 5 . 3 . 3 Tactical Retreats 1 | . . . . . . 1 Traps | -11 -10 -9 -9 -8 -7 -7 ------- Run | Yrd Mat Mat Min Mat Fac Was Traps Triggered 1 | . . . . . 1 . Indirectly . | . . . . . . . Trap Hack Attempts . | . . . . . . . Triggered . | . . . . . . . Disarmed . | . . . . . . . Reprogrammed . | . . . . . . . Reused . | . . . . . . . Traps Extracted . | . . . . . . . Installed . | . . . . . . . Triggered . | . . . . . . . Machines | -11 -10 -9 -9 -8 -7 -7 ---------- Run | Yrd Mat Mat Min Mat Fac Was Machines Disabled 2 | . 1 . . 1 . . Max in Single Turn 1 | . 1 . . 1 . . Machines Repaired . | . . . . . . . Machines Dismantled . | . . . . . . . Machines Sabotaged . | . . . . . . . Overloaded Fab Kills . | . . . . . . . Hacking | -11 -10 -9 -9 -8 -7 -7 --------- Run | Yrd Mat Mat Min Mat Fac Was Machines Accessed 7 | . 3 3 . 1 . . Terminals 6 | . 3 2 . 1 . . Fabricators . | . . . . . . . Repair Stations 1 | . . 1 . . . . Recycling Units . | . . . . . . . Scanalyzers . | . . . . . . . Garrison Access . | . . . . . . . Total Hacks 22 | . 10 11 . 1 . . Successful 13 | . 5 8 . . . . Failed 9 | . 5 3 . 1 . . Catastrophic 2 | . 1 . . 1 . . Database Lockouts . | . . . . . . . Manual . | . . . . . . . Terminals 18 | . 10 7 . 1 . . Fabricators . | . . . . . . . Repair Stations 4 | . . 4 . . . . Recycling Units . | . . . . . . . Scanalyzers . | . . . . . . . Garrison Access . | . . . . . . . Terminal Hacks 11 | . 5 6 . . . . Record 4 | . 3 1 . . . . Emergency Access Points 1 | . 1 . . . . . Terminal Index 1 | . 1 . . . . . Alert Level 2 | . . 2 . . . . Unreport Threat 1 | . . 1 . . . . Locate Traps 1 | . . 1 . . . . Zone Layout 1 | . . 1 . . . . Fabricator Hacks . | . . . . . . . Repair Station Hacks 2 | . . 2 . . . . Scan Component 2 | . . 2 . . . . Recycling Unit Hacks . | . . . . . . . Scanalyzer . | . . . . . . . Garrison Access Hacks . | . . . . . . . Unauthorized Hacks . | . . . . . . . Terminals . | . . . . . . . Fabricators . | . . . . . . . Repair Stations . | . . . . . . . Recycling Units . | . . . . . . . Scanalyzers . | . . . . . . . Garrison Access . | . . . . . . . Data Cores Recovered . | . . . . . . . Used . | . . . . . . . Hacking Detections 6 | . 3 2 . 1 . . Full Trace Events 2 | . 1 1 . . . . Feedback Events . | . . . . . . . Feedback Blocked . | . . . . . . . Robot Schematics Acquired . | . . . . . . . Robots Built . | . . . . . . . Authchips . | . . . . . . . Time . | . . . . . . . Total Robot Build Rating . | . . . . . . . Part Schematics Acquired . | . . . . . . . Parts Built . | . . . . . . . Authchips . | . . . . . . . Time . | . . . . . . . Total Part Build Rating . | . . . . . . . Parts Repaired . | . . . . . . . Time . | . . . . . . . Parts Recycled . | . . . . . . . Recycled Matter . | . . . . . . . Retrieved Matter . | . . . . . . . Retrieved Components . | . . . . . . . Parts Scanalyzed . | . . . . . . . Part Schematics Acquired . | . . . . . . . Parts Damaged . | . . . . . . . Bothacking | -11 -10 -9 -9 -8 -7 -7 ------------ Run | Yrd Mat Mat Min Mat Fac Was Used RIF Installer . | . . . . . . . Robots Hacked . | . . . . . . . Non-combat . | . . . . . . . Combat . | . . . . . . . Robot Hacks Applied . | . . . . . . . Relay Couplers Released . | . . . . . . . Fabnet Peak Effective % . | . . . . . . . Robots Rewired . | . . . . . . . Allies Hacked . | . . . . . . . Hacks Repelled . | . . . . . . . Allies | -11 -10 -9 -9 -8 -7 -7 -------- Run | Yrd Mat Mat Min Mat Fac Was Total Allies 1 | . . . . . . 1 Largest Group 1 | . . . . . . 1 Highest-Rated Group 31 | . . . . . . 31 Highest-Rated Ally 31 | . . . . . . 31 Total Orders . | . . . . . . . Ally Attacks 12 | . . . . . . 12 Total Damage 189 | . . . . . . 189 Kills . | . . . . . . . Allies Corrupted . | . . . . . . . Allies Melted . | . . . . . . . Intel | -11 -10 -9 -9 -8 -7 -7 ------- Run | Yrd Mat Mat Min Mat Fac Was Robot Analysis Total . | . . . . . . . Derelict Logs Recovered . | . . . . . . . Drone Launches . | . . . . . . . Drone Recoveries . | . . . . . . . Exploration | -11 -10 -9 -9 -8 -7 -7 ------------- Run | Yrd Mat Mat Min Mat Fac Was Turns Passed 2613 | 198 653 767 105 659 35 196 Spaces Moved 1531 | 113 349 442 64 360 21 182 Core 160 | 16 . . . . . 144 Treads 1371 | 97 349 442 64 360 21 38 Legs . | . . . . . . . Wheels . | . . . . . . . Hover . | . . . . . . . Flight . | . . . . . . . Fastest Speed 50 | 50 160 160 160 160 163 50 Average Speed 149 | 144 160 160 160 162 163 74 Slowest Speed 240 | 160 160 160 160 163 163 240 Overloaded Moves . | . . . . . . . Propulsion Burnouts . | . . . . . . . Robots Hopped . | . . . . . . . Cave-ins Triggered . | . . . . . . . Exploration Rate (%) 21 | 6 41 18 10 24 1 50 Regions Visited 6 Branch Regions 1 Pre-discovered Areas . | . . . . . . . Known Exits Taken . | . . . . . . . Unknown Exits Taken 5 | 1 1 1 1 1 . . Scrap Searched . | . . . . . . . Spaces Dug 22 | . . 22 . . . . Terrain Destroyed 339 | . 160 72 . 89 . 18 Melee . | . . . . . . . Projectile . | . . . . . . . AOE 339 | . 160 72 . 89 . 18 Terrain Rammed . | . . . . . . . Walls Destroyed . | . . . . . . . Machines Disabled . | . . . . . . . Actions | -11 -10 -9 -9 -8 -7 -7 --------- Run | Yrd Mat Mat Min Mat Fac Was Total 1764 | 134 404 490 67 415 22 232 Wait 21 | . . 6 . . . 15 Move 1526 | 112 348 441 63 359 21 182 Hop . | . . . . . . . Pick Up 48 | 9 9 12 . 14 . 4 Fast Attach 13 | 3 3 1 1 5 . . Attach 20 | 4 1 4 2 2 . 7 Detach 3 | . . . 1 1 . 1 Swap 6 | . 2 1 . 2 1 . Drop 30 | . 8 8 . 14 . . Fire 71 | 6 31 12 . 12 . 10 Melee 7 | . . . . 6 . 1 Ram 12 | . . . . . . 12 Kick . | . . . . . . . Crush 7 | . 2 5 . . . . Escape Stasis . | . . . . . . . Rewire . | . . . . . . . Trap . | . . . . . . . Miscellaneous . | . . . . . . . Route ------- -11/Scrapyard -10/Materials (discovered 3 exits: *Mat / [*Min x2]) -9/Materials -9/Mines -8/Materials -7/Factory -7/Waste History --------- Turn | Location | Event 36 | -11/Scrapyard | Discovered new exit (range 15) 199 | -11/Scrapyard | Entered Materials 309 | -10/Materials | Build established: Mutant 381 | -10/Materials | Discovered new exit (range 16) 732 | -10/Materials | Discovered new exit (range 15) 737 | -10/Materials | Discovered new exit (range 14) 740 | -10/Materials | Destroyed 7 combat bots 852 | -10/Materials | Entered another Materials area 852 | -9/Materials | Evolved 2 slots: Utility x2 1513 | -9/Materials | Discovered new exit (range 16) 1619 | -9/Materials | Entered Mines 1622 | -9/Mines | Discovered new exit (range 14) 1626 | -9/Mines | Received a Rocket Launcher from a helpful Derelict 1724 | -9/Mines | Entered Materials 1724 | -8/Materials | Evolved 2 slots: Power x1, Propulsion x1 2317 | -8/Materials | Discovered new exit (range 9) 2383 | -8/Materials | Entered Factory 2383 | -7/Factory | Evolved 2 slots: Utility x1, Weapon x1 2418 | -7/Factory | Sucked down chute 2418 | -7/Factory | Entered Waste 2419 | -7/Waste | Met a frightened Derelict 2433 | -7/Waste | EMP discharged 2438 | -7/Waste | Spotted C-40 Crusher 2456 | -7/Waste | Spotted C-40 Crusher 2487 | -7/Waste | Crushed by Compactor (1 part destroyed, 1 dropped) 2488 | -7/Waste | Destroyed C-40 Crusher 2500 | -7/Waste | Crushed by Compactor (1 part destroyed, 1 dropped) 2503 | -7/Waste | Crushed by Compactor (1 part destroyed, 1 dropped) 2506 | -7/Waste | Crushed by Compactor (1 part destroyed, 2 dropped) 2509 | -7/Waste | Crushed by Compactor (1 part destroyed, 1 dropped) 2512 | -7/Waste | Crushed by Compactor (1 part destroyed, 1 dropped) 2515 | -7/Waste | Crushed by Compactor (1 part destroyed, 1 dropped) 2533 | -7/Waste | EMP discharged 2533 | -7/Waste | System corruption reached 10% 2546 | -7/Waste | Lost 8 parts (1p1n3u3w) 2559 | -7/Waste | Spotted C-40 Crusher 2560 | -7/Waste | Spotted C-40 Crusher 2587 | -7/Waste | Core integrity fell below 50% 2610 | -7/Waste | Core integrity fell below 20% 2614 | -7/Waste | Destroyed by C-40 Crusher with Compactor Last Messages --------------- EMP. 02533_ Missile Launcher fried beyond repair. 02533_ System corrupted (+9). 02533_ Adv. Assault Cannon fried beyond repair. 02533_ Acquired Corrupted Lgt. Deuterium Engine. 02535_ Acquired Corrupted Arm. Treads. 02536_ The unstable cave ceiling collapses. 02545_ Acquired 56 matter. 02547_ Acquired Carbon-fiber Leg. 02548_ Acquired Corrupted Imp. Heat Sink. 02556_ System corrupted: Energy discharge (-30). 02585_ Slammed into C-40 Crusher. 02586_ Destabilizing: Core damaged (-21). 02590_ D<8URVGWHB>T%:4L3ARRKG>Y7SHXM&/:Y 02605_ Slammed into C-40 Crusher. 02606_ BB|URRO,C ZMKY8>,ROB:BEB9DY 02606_ Slammed into C-40 Crusher. 02612_ 2 Matter crushed. 02613_ Slammed into C-40 Crusher. 02613_ Destabilizing: System corrupted (+2). Map ----- +----------------------------------------------------+ | ?????????# ?????????? | | ?????????# ?????????? | | ?????????# ?????????? | | #????????### ######## ######## ?????????? | | ??????????## #??????# #????????????????????? | | ????????#??# #??????# #????????????????????? | | ???????????# #??????# #????????????????????? | | ?????????### #??????# #????????????????????? | | ?#???????# #????#?# #????????????????????? | | ?????????# #??????# #????????????????????? | | ?????????# ##?????# #????????????????????? | | ?????????# #??????# #????????????????????? | | ??????###### #??????# #????????????????????? | | ####### #### #??????#CC #????????????????????? | | ### #??????#CC #????????????????????? | | ## #????#?# #????????????????????? | | # #??????# #????????????????????? | | #????#?# #????????????????????? | | " #??????# #????????????????????? | | #??????# #????????????????????? | | #??????# #????????????????????? | | ## #???#??# #????????????????????? | | #### #??????# #????????????????????? | | #?## #??????#CCCC#????????????????????? | | #########?## ##?????#CCCC#????????????????????? | | ?????????#?# ##??#??#%@ #????????????????????? | | ???????????######??????######????????????????????? | | ???????#???????#?????????????????????????????????? | | ?????????????????????????????????????????????????? | | ????????#????????????????????????????????????????? | | ?????????##????????#?????????????????????????????? | | ?????????????????????????????????????????????????? | | ?????#???????????#???????????????????????????????? | | ?????????????????????????????????????????????????? | | ?????????????????????????????????????????????????? | | ?????????????????????????????????????????????????? | | ?????????????????????????????????????????????????? | | ?????????????????????????????????????????????????? | | ?????????????????????????????????????????????????? | | ?????????????????????????????????????????????????? | | ?????????????????????????????????????????????????? | | ?????????????????????????????????????????????????? | | ?????????????????????????????????????????????????? | | ?????????????????????????????????????????????????? | | ?????????????????????????????????????????????????? | | ?????????????????????????????????????????????????? | | ?????????????????????????????????????????????????? | | ?????????????????????????????????????????????????? | | ?????????????????????????????????????????????????? | | ?????????????????????????????????????????????????? | +----------------------------------------------------+ Best States ------------- Heat Dissipation 34 Energy Generation 23 Energy Capacity 310 Matter Stores 394 Matter Capacity 400 Sight Range 16 Terrain Scan Range 16 Terrain Scan Density 10 Evasion (%) 50 Recoil Reduction 3 Item Schematics ----------------- None Robot Schematics ------------------ None Fabricated ------------ Nothing Alien Tech Used ----------------- None Achievements -------------- Remodeling Challenges ------------ None Game ------ Seed AlloyElectrostormGreatsword Manual? 0 Play Time 00:25:13 Cumulative 10.0 hours Start 2025.01.14 @ 14:52:54 End 2025.01.14 @ 15:17:46 Sessions 1 Manual Loads 0 Difficulty Rogue Special Mode None Game No. 15 Rogue 13 Adventurer 2 Explorer 0 Win Type - Total 0 Types 0/0/0/0/0/0/0/0/0 Lore% 5 Gallery% 19 Achievement% 16 Wizard Run 0 Options --------- Layout 1 ASCII 0 Keyboard 0 Movement Arrows Keybinds 0 Fullscreen 1 Font 32/SmallcapsGlow Map View 50x35 Zoom Use 0% Tactical HUD 1 Map Filters NONE Filters NONE Steam 1 RUN: e1dc8633-c553-4559-99e6-1a3df31b6645